 Dungeon Crawl Stone Soup version 0.31-a0-152-g6aa68a64a1 (webtiles) character file.

Game seed: 8204356088077196375

933 KristoblXynda the Cutter (level 8, -6/51 HPs)
             Began as a Kobold Berserker on June 9, 2023.
             Was a Believer of Trog.
             Splashed by a jelly's acid (7 damage)
             ... on level 6 of the Dungeon.
             The game lasted 00:06:14 (3897 turns).

KristoblXynda the Cutter (Kobold Berserker)         Turns: 3897, Time: 00:06:15

Health: -6/51      AC:  0    Str: 14    XL:     8   Next: 33%
Magic:  8/8        EV: 17    Int: 11    God:    Trog [**....]
Gold:   221        SH:  0    Dex: 14    Spells: 7/7 levels left

rFire   . . .        i - +3 short sword (holy)
rCold   . . .        (no shield)
rNeg    . . .        b - +0 animal skin
rPois   .            (no helmet)
rElec   .            (no cloak)
rCorr   .            (no gloves)
SInv    .            h - +0 pair of boots
Will    .....        (no amulet)
Stlth   ++++         q - +4 ring of protection
HPRegen 0.28/turn    (no ring)
MPRegen 0.11/turn

%: no passive effects
@: corroded, on berserk cooldown, attractive
A: small, no large weapons, nightstalker 3
a: Renounce Religion, Berserk, Trog's Hand


You were on level 6 of the Dungeon.
You worshipped Trog.
Trog was pleased with you.
You visited 1 branch of the dungeon, and saw 7 of its levels.

You collected 221 gold pieces.

Inventory:

Hand Weapons
 i - a +3 short sword of holy wrath (weapon)
 n - a +0 short sword of electrocution
Missiles
 l - a throwing net
Armour
 b - a +0 animal skin (worn)
 h - a +0 pair of boots (worn)
Jewellery
 q - a +4 ring of protection (left hand)
Scrolls
 a - 3 scrolls of identify
 c - 2 scrolls of enchant weapon
 f - 2 scrolls of poison {unknown}
 k - a scroll of enchant armour {unknown}
 m - a scroll of amnesia {unknown}
 o - a scroll of immolation {unknown}
 r - a scroll of fear {unknown}
 s - a scroll of magic mapping {unknown}
Potions
 d - a potion of lignification
 e - a potion of heal wounds {unknown}
 g - a potion of enlightenment {unknown}


   Skills:
 + Level 5.9 Fighting
 + Level 7.1 Short Blades
 - Level 2.0 Armour
 + Level 5.8 Dodging
 + Level 5.8 Stealth


You had 7 spell levels left.
You didn't know any spells.
Your spell library contained the following spells:

 Spells                   Type           Power      Damage    Failure   Level
 Call Canine Familiar     Summ           0%         N/A       71%         3
 Dazzling Flash           Conj/Hex       0%         N/A       71%         3
 Portal Projectile        Hex/Tloc       0%         N/A       71%         3
 Tukima's Dance           Hex            0%         N/A       71%         3
 Leda's Liquefaction      Hex/Erth       0%         N/A       98%         4
 Passage of Golubria      Tloc           0%         N/A       98%         4
 Agony                    Necr           0%         N/A       100%        5
 Silence                  Hex/Air        0%         N/A       100%        5
 Yara's Violent Unravell  Hex/Tmut       0%         3d3       100%        5


Dungeon Overview and Level Annotations

Branches:
Dungeon (7/15)
 Temple: D:4-7

Altars:
Makhleb
Ru
Vehumet


Innate Abilities, Weirdness & Mutations

You are small and have problems with some larger weapons.
You are completely attuned to the shadows.


Message History

You feel better. The black bear misses you. x2
The black bear closely misses you. The black bear bites you.
The black bear claws you. The black bear misses you.
You hit the black bear.
The black bear is almost dead.
The black bear closely misses you. The black bear barely misses you.
The black bear closely misses you. The black bear barely misses you.
The black bear claws you but does no damage.
The black bear closely misses you.
You hit the black bear.
You kill the black bear!
Trog accepts your kill.
Your Short Blades skill increases to level 7!
You hit the jelly. The acid corrodes you!
Your hands burn!
The jelly is lightly wounded.
You feel yourself speed up. The jelly misses you.
You hit the jelly.
Your hands burn!
The jelly is lightly wounded.
The jelly hits you.
You are splashed with acid!
You hit the jelly.
Your hands burn!
* * * LOW HITPOINT WARNING * * *
The jelly is moderately wounded.
The jelly hits you.
* * * LOW HITPOINT WARNING * * *
The acid corrodes you!
You are splashed with acid!
* * * LOW HITPOINT WARNING * * *
It was a potion of attraction.
You feel attractive to monsters. The jelly closely misses you.
Unknown command.
Okay, then.
Unknown command.
Unknown command.
You fail to use your ability.
The jelly misses you. The jelly attacks as you move away!
The jelly closely misses you. The jelly attacks as you move away!
The jelly hits you.
* * * LOW HITPOINT WARNING * * *
You are splashed with acid!
You die...

######## ....@J.#
######.# ##...#
##.## .....# ##
#...## #..# #.
#.#.#.#####..####.
#.##............)))
## ###.####..#####)
#.## #..#####. #.#
#......>.


You could see a jelly.

Vanquished Creatures
  Prince Ribbit (D:7)
  The ghost of Beaer the Shooter, an amateur FoHu (D:4)
  A black bear (D:6)
  A sky beast (D:7)
  An ogre (D:7)
  A kobold brigand (D:7)
  A howler monkey (D:7)
  A crimson imp (D:4)
  A hound (D:4)
  2 orc priests (D:6)
  An orc wizard (D:6)
  2 adders (D:2)
  3 gnolls (D:4)
  A white imp (D:7)
  2 ufetubi (D:7)
  A worm (D:3)
  3 dart slugs
  4 orcs
  11 ball pythons
  2 bats
  4 endoplasms (D:1)
  2 giant cockroaches
  10 goblins
  5 hobgoblins
  2 jackals (D:3)
  7 kobolds
  A quokka (D:1)
  4 frilled lizards (D:2)
  7 rats
83 creatures vanquished.

Notes
Turn   | Place    | Note
-------+----------+-------------------------------------------
     0 | D:1      | KristoblXynda the Kobold Berserker began the quest for the
                  | Orb.
     0 | D:1      | Reached XP level 1. HP: 14/14 MP: 1/1
   119 | D:1      | Reached XP level 2. HP: 19/19 MP: 2/2
   334 | D:1      | Reached XP level 3. HP: 23/23 MP: 3/3
   999 | D:2      | Reached ** piety under Trog
  1027 | D:2      | Reached XP level 4. HP: 19/29 MP: 4/4
  1147 | D:2      | Reached skill level 1 in Stealth
  2260 | D:4      | Noticed Beaer's ghost (amateur FoHu)
  2394 | D:4      | Found a runed translucent door.
  2407 | D:4      | Killed Beaer's ghost
  2408 | D:4      | Reached skill level 5 in Short Blades
  2408 | D:4      | Reached XP level 5. HP: 34/34 MP: 5/5
  2408 | D:4      | Reached XP level 6. HP: 39/39 MP: 6/6
  3041 | D:4      | Found a sacrificial altar of Ru.
  3063 | D:4      | Found a burning altar of Makhleb.
  3063 | D:4      | Found a radiant altar of Vehumet.
  3543 | D:5      | Entered Level 5 of the Dungeon
  3566 | D:5      | You fall into a shaft and drop 2 floors!
  3591 | D:7      | Noticed Prince Ribbit
  3607 | D:7      | Killed Prince Ribbit
  3608 | D:7      | Reached skill level 5 in Fighting
  3608 | D:7      | Reached skill level 6 in Short Blades
  3608 | D:7      | Reached skill level 5 in Dodging
  3608 | D:7      | Reached XP level 7. HP: 43/44 MP: 7/7
  3705 | D:7      | Reached skill level 5 in Stealth
  3756 | D:7      | Reached XP level 8. HP: 30/50 MP: 8/8
  3890 | D:6      | Reached skill level 7 in Short Blades
  3892 | D:6      | HP: 2/51 [acid (8)]
  3897 | D:6      | HP: 1/51 [jelly (2)]
  3897 | D:6      | Splashed by a jelly's acid

Illustrated notes

Levels and vault maps discovered:
D:1:      lemuel_arrival_hallway, layout_rooms
D:2:      layout_basic, minmay_pentomino_o2
D:3:      layout_loops_ring
D:4:      layout_loops_ring, grunt_temple_overflow_lords_of_destruction,
          hangedman_ru_absence, hellmonk_ghost_happy_afterlife,
          serial_park_tiny_1, kennysheep_generic_room_15
D:5:      layout_basic, mainiacjoe_overflow_swirl,
          minmay_temple_entry_large_hall, enter_ossuary_4
D:6:      layout_loops_ring, mainiacjoe_overflow_catwalk_spiral,
          marbit_many_paths
D:7:      layout_cave_pools, mainiacjoe_overflow_boulevard,
          nicolae_kite_square_tiling_tiny, uniq_prince_ribbit1, uniq_pikel

Skill      XL: |  1  2  3  4  5  6  7  8 |
---------------+-------------------------+-----
Dodging        | 3 4 5 |  5.8
Armour         | 2 |  2.0
Stealth        | 3 4 5 |  5.8
Fighting       | 4 5 |  5.9
Short Blades   | 5 6 7 |  7.1

Action                     |  1- 3 |  4- 6 |  7- 9 || total
---------------------------+-------+-------+-------++-------
  Melee: Short sword       |    51 |    90 |    58 ||   199
         Dagger            |    66 |       |       ||    66
         Punch             |     1 |     1 |       ||     2
 Invoke: Berserk           |     1 |     3 |     2 ||     6
         Trog's Hand       |       |     1 |       ||     1
    Use: Scroll            |       |     3 |       ||     3
         Potion            |       |       |     2 ||     2
   Stab: Sleeping          |     8 |    15 |     1 ||    24
 Armour: Animal skin       |     6 |    12 |    18 ||    36
  Dodge: Dodged            |    62 |    31 |    80 ||   173

Table legend: (Time is in decaauts)
 A = Elapsed time spent in this place.
 B = Non-inter-level travel time spent in this place.
 C = Inter-level travel time spent in this place.
 D = Time resting spent in this place.
 E = Time spent auto-exploring this place.
 F = Levels seen in this place.
 G = Mean time per level.
                   A        B        C        D        E       F      G
               +--------+--------+--------+--------+--------+-----+--------+
         Total |   3889 |   3821 |     68 |    496 |   2590 |   7 |  555.6 |
       Dungeon |   3889 |   3821 |     68 |    496 |   2590 |   7 |  555.6 |
               +--------+--------+--------+--------+--------+-----+--------+

Top non-repeatable levels by time:
     D:4: 1294 daAuts
     D:2: 749 daAuts
     D:3: 749 daAuts
     D:1: 732 daAuts
     D:7: 294 daAuts
     D:6: 47 daAuts
     D:5: 22 daAuts
